 Dungeon Crawl Stone Soup version 0.27.0-66-gdc8fb28755 (webtiles) character file.

Game seed: 11302269917959901902

18326 VictoriousLee the Thaumaturge (level 12, -1/97 HPs)
             Began as a Vine Stalker Transmuter on Aug 18, 2021.
             Was a Priest of Ashenzari.
             Hit by a javelin thrown by a minotaur (21 damage)
             ... in a Gauntlet on Aug 19, 2021.
             The game lasted 01:49:59 (13776 turns).

VictoriousLee the Thaumaturge (VSTm)               Turns: 13776, Time: 01:50:00

Health: -1/97      AC: 13    Str: 19      XL:     12   Next: 57%
Magic:  0/35       EV: 12    Int: 12 (14) God:    Ashenzari [***...]
Gold:   658        SH:  5    Dex: 16      Spells: 15/29 levels left

rFire    x . .     SeeInvis +   V - +8 mace of Yluhofam {vamp, +Rage rF- rCorr Str+5}
rCold    + . .     Faith    .   (no shield)
rNeg     . . .     Spirit   +   x - +3 ring mail {rF+}
rPois    +         Reflect  +   (helmet currently unavailable)
rElec    +         Harm     .   g - +0 cloak {Will+}
rCorr    +         Rampage  .   w - +2 pair of gloves of Mutualism {rElec rPois Regen+ Int-2}
Will     ++...     Clarity  +   (boots currently unavailable) Stlth ..........NoTele +
                                F - amulet of the Sidereal Visionary {Reflect SH+5, Melee, Fort} (curse)
HPRegen  2.26/turn              r - ring "Restrained Malaise" {MP+9, Comp, Alch} (curse)
MPRegen  0.24/turn              Q - ring of Ashenzari's Prison {Ice, Cun, Elem} (curse)

@: berserking (expiring), appendages, hasted, very quick
A: horns 2, talons 2, fangs 3, regeneration 1, magic shield, antimagic bite, no
potion heal 2
a: End Transformation, Renounce Religion, Evoke Berserk Rage, Shatter the Chains


You were in a Gauntlet.
You worshipped Ashenzari.
Ashenzari was most pleased with you.
You had temporarily grown beastly horns and talons.
You visited 3 branches of the dungeon, and saw 14 of its levels.
You also visited: Gauntlet.

You collected 1027 gold pieces.
You spent 369 gold pieces at shops.

Inventory:

Hand Weapons
 o - a +1 falchion of holy wrath
 C - a +2 flail of protection
 J - a +2 vampiric dagger
 N - a +3 short sword
 T - a +2 morningstar of freezing
 U - a +4 falchion
 V - the +8 mace of Yluhofam (weapon) {vamp, +Rage rF- rCorr Str+5}
   (You found it on level 8 of the Dungeon)

   It occasionally heals its wielder for a portion of the damage dealt when it
   wounds a living foe.
   Str:       It affects your strength (+5).
   rF:        It makes you vulnerable to fire.
   +Rage:     It lets you go berserk.
   rCorr:     It protects you from acid and corrosion.
Missiles
 M - 7 boomerangs
 O - 5 atropa-tipped darts
Armour
 d - the cursed +0 pair of boots "Per Aspera Ad Scientiam" (melded) {Bglg, Comp}
   (You found it on level 9 of the Dungeon)

   It has a curse which improves the following skills: Beguiling: Conjurations,
   Hexes and Translocations.
   Companions: Summonings and Necromancy.
 g - a +0 cloak of willpower (worn)
 h - a +1 cloak of poison resistance
 i - a +2 robe of willpower
 j - a +1 cloak
 n - a +0 scale mail
 s - the cursed +0 helmet of the Ensconced Gnosis (melded) {Cun, Comp}
   (You found it on level 10 of the Dungeon)

   It has a curse which improves the following skills: Cunning: Dodging and
   Stealth.
   Companions: Summonings and Necromancy.
 w - the +2 pair of gloves of Mutualism (worn) {rElec rPois Regen+ Int-2}
   (You bought it in a shop on level 1 of the Dungeon)

   Int:       It affects your intelligence (-2).
   rElec:     It insulates you from electricity.
   rPois:     It protects you from poison.
   Regen:     It increases your rate of health regeneration.
 x - a +3 ring mail of fire resistance (worn)
 X - +0 steam dragon scales
Magical Staves
 t - a staff of fire
Jewellery
 f - a ring of protection from cold
 m - the amulet of Tixtylar {rF- Will+ Regen+ Dex+3}
   (You found it in a Gauntlet)

   [amulet of regeneration]

   Dex:       It affects your dexterity (+3).
   rF:        It makes you vulnerable to fire.
   Regen:     It increases your rate of health regeneration.
   Will:      It increases your willpower.
 r - the cursed ring "Restrained Malaise" (left hand) {MP+9, Comp, Alch}
   (You found it on level 3 of the Dungeon)

   [ring of magical power]

   MP:        It affects your magic capacity (+9).
   It has a curse which improves the following skills: Companions: Summonings
   and Necromancy.
   Alchemy:   Poison Magic and Transmutations.
 u - the amulet "Agenn" {RegenMP Regen+}
   (You found it in a Gauntlet)

   [amulet of magic regeneration]

   It increases your rate of magic regeneration.
   Regen:     It increases your rate of health regeneration.
 B - a ring of magical power
 F - the cursed amulet of the Sidereal Visionary (around neck) {Reflect SH+5, Melee, Fort}
   (You found it on level 4 of the Dungeon)

   [amulet of reflection]

   It reflects blocked missile attacks.
   SH:        It affects your SH (+5).
   It has a curse which improves the following skills: Melee Combat: Short
   Blades, Long Blades, Axes, Maces & Flails, Polearms, Staves and Unarmed
   Combat.
   Fortitude: Armour and Shields.
 Q - the cursed ring of Ashenzari's Prison (right hand) {Ice, Cun, Elem}
   (You found it on level 7 of the Dungeon)

   [ring of ice]

   It enhances your ice magic.
   rF:        It makes you vulnerable to fire.
   rC:        It protects you from cold.
   It has a curse which improves the following skills: Cunning: Dodging and
   Stealth.
   Elements:  Fire Magic, Ice Magic, Air Magic and Earth Magic.
Wands
 v - a wand of flame (6)
 L - a wand of polymorph (7)
 Z - a wand of charming (7)
Scrolls
 b - 2 scrolls of magic mapping
 e - 8 scrolls of teleportation
 k - 2 scrolls of enchant weapon
 p - a scroll of holy word
 H - a scroll of blinking
 K - 2 scrolls of summoning
 W - a scroll of fog
Potions
 c - a potion of resistance
 l - 2 potions of attraction
 z - 3 potions of mutation
 A - a potion of curing
 D - 2 potions of cancellation
 E - 2 potions of magic
 I - a potion of flight
 S - a potion of brilliance
Miscellaneous
 q - a phial of floods (inert)


   Skills:
 - Level 8.8 Fighting
 + Level 4.6(6.4) Maces & Flails
 - Level 3.2(4.9) Armour
 - Level 1.5(2.9) Dodging
 - Level 1.1(2.2) Stealth
 - Level 3.0(4.6) Unarmed Combat
 - Level 9.0 Spellcasting
 * Level 4.2(6.0) Summonings
 - Level 7.8(9.8) Transmutations
 - Level 8.0(9.9) Ice Magic
 - Level 8.2(10.1) Earth Magic


You had 15 spell levels left.
You knew the following spells:

 Your Spells              Type           Power      Damage    Failure   Level
a - Beastly Appendage     Tmut           56%        N/A       1%          1
b - Ice Form              Ice/Tmut       43%        N/A       3%          4
f - Frozen Ramparts       Ice            86%        1d10      1%          3
s - Statue Form           Tmut/Erth      19%        N/A       50%         6

Your spell library contained the following spells:

 Spells                   Type           Power      Damage    Failure   Level
 Freeze                   Ice            100%       1d11      1%          1
 Summon Small Mammal      Summ           76%        N/A       1%          1
 Wereblood                Tmut           28%        N/A       1%          2
 Petrify                  Tmut/Erth      29%        N/A       3%          4
 Call Canine Familiar     Summ           19%        N/A       5%          3
 Animate Armour           Summ/Erth      48%        N/A       8%          4
 Spider Form              Tmut/Pois      8%         N/A       9%          3
 Stone Arrow              Conj/Erth      34%        3d9       9%          3
 Summon Ice Beast         Ice/Summ       36%        N/A       9%          4
 Animate Skeleton         Necr           10%        N/A       21%         1
 Apportation              Tloc           10%        N/A       22%         1
 Corona                   Hex            5%         N/A       22%         1
 Hailstorm                Conj/Ice       25%        3d7       28%         4
 Leda's Liquefaction      Hex/Erth       8%         N/A       28%         4
 Corpse Rot               Necr/Air       N/A        N/A       30%         2
 Sublimation of Blood     Necr           2%         N/A       30%         2
 Portal Projectile        Hex/Tloc       10%        N/A       54%         3
 Borgnjor's Vile Clutch   Necr/Erth      8%         N/A       58%         5
 Alistair's Intoxication  Tmut/Pois      11%        N/A       61%         5
 Metabolic Englaciation   Hex/Ice        12%        N/A       63%         5
 Summon Mana Viper        Hex/Summ       12%        N/A       87%         5
 Dispel Undead            Necr           5%         3d7       90%         4
 Eringya's Noxious Bog    Tmut/Pois      8%         N/A       99%         6
 Death Channel            Necr           2%         N/A       100%        6
 Monstrous Menagerie      Summ           9%         N/A       100%        7
 Summon Hydra             Summ           9%         N/A       100%        7
 Lehudib's Crystal Spear  Conj/Erth      8%         10d4      100%        8


Dungeon Overview and Level Annotations

Branches:
Dungeon (11/15)            Temple (1/1) D:6            Lair (2/6) D:10
    Orc (0/2) D:9         Gauntlet (1/1)
  Swamp: Lair:2-4    Shoals: Lair:2-4     Snake: Lair:2-4    Spider: Lair:2-4

Altars:
Ashenzari
Cheibriados
Dithmenos
Elyvilon
Fedhas
Gozag
Hepliaklqana
Kikubaaqudgha
Makhleb
Nemelex Xobeh
Okawaru
Qazlal
Ru
Sif Muna
Trog
Uskayaw
Vehumet
Wu Jian
Xom
Yredelemnul
Zin
The Shining One

Shops:
D:1 [   D:7 !

Annotations:
D:11 exclusion: orange crystal statue Gauntlet 6 transporters


Innate Abilities, Weirdness & Mutations

You have temporarily grown beastly horns and talons.
You have razor-sharp teeth.
Your natural rate of healing is unusually fast.
When hurt, damage is shared between your health and your magic reserves.
Your bite disrupts and absorbs the magic of your enemies.
Potions cannot restore your health.


Message History

You hit the minotaur but do no damage.
You claw the minotaur, but do no damage.
The minotaur is moderately wounded.
The wall freezes the minotaur!
The minotaur hits you with a +5 vampiric war axe!!!
The minotaur draws strength from your wounds!
The minotaur gores you but does no damage.
A red film seems to cover your vision as you go berserk!
You feel yourself moving faster!
You feel mighty!
The minotaur is no longer waterlogged.
You thump the minotaur!
You feel better.
Your kick misses the minotaur. The minotaur blocks your attack.
The minotaur is heavily wounded.
The wall freezes the minotaur.
The minotaur hits you with a +5 vampiric war axe!!
The minotaur gores you. The minotaur blocks your attack.
Your headbutt misses the minotaur.
The minotaur is heavily wounded.
The wall freezes the minotaur.
The minotaur barely misses you. The minotaur gores you.
You completely miss the minotaur.
The minotaur furiously retaliates!
The minotaur headbutts you, but does no damage.
The minotaur blocks your attack.
The minotaur is heavily wounded.
The wall freezes the minotaur.
The minotaur closely misses you. You block the minotaur's attack.
The minotaur blocks your attack.
You claw the minotaur. The minotaur blocks your attack.
The minotaur is severely wounded.
The frozen ramparts melt away.
The minotaur hits you with a +5 vampiric war axe!!
* * * LOW HITPOINT WARNING * * *
The minotaur draws strength from your wounds!
The minotaur gores you.
* * * LOW HITPOINT WARNING * * *
You are too berserk!
You are too berserk!
You feel a strong urge to attack something.
The minotaur throws a javelin.
The javelin pierces through you!!
You die...

..##. #...#..#©...©. * ,
#.##....8.#..#..P... , *
.##....##...#..#[.#... ,*
,...##.##.8.#..#..P...
**, ,
*#.##......#..#Y.Y...
*,*#....##...#..#######
######.##.##.©.#≈........
#∩...H.##......#∩........
######..@.##.©.#≈........
*
*#....##.##...#..#######
....##.##......#..#......
.## #....##.8.#..#.#.#.#
* , ..##.##...#..#..#.#.
, #.##....8.#..#.#.#.#
#....##...#..#§.#.©. ##
####≈8≈#..#.#.#†#
#####..#(.#.#.


You could see a minotaur.

Vanquished Creatures
  A boulder beetle (shapeshifter) (Gauntlet)
  2 hydras (Lair:1)
  Erolcha (D:8)
  2 two-headed ogres
  Nergalle (D:11)
  A glowing orange brain (Gauntlet)
  A harpy (shapeshifter) (Gauntlet)
  2 ugly things (Gauntlet)
  A black mamba (Lair:1)
  Maggie (Lair:1)
  4 cane toads (Lair:1)
  An unseen horror (D:7)
  A komodo dragon (Lair:1)
  Psyche (D:9)
  2 kobold demonologists (D:11)
  A troll (D:11)
  2 raiju (Gauntlet)
  3 blink frogs (Lair:1)
  A vampire (D:11)
  11 yaks
  A wyvern (Lair:1)
  A basilisk (Lair:1)
  3 steam dragons
  Menkaure (D:5)
  2 water moccasins
  2 black bears
  2 orc warriors
  A sky beast (D:7)
  An ice beast (D:5)
  2 ogres (D:6)
  7 centaurs
  A phantom (D:5)
  A kobold brigand (D:11)
  4 bullfrogs
  A gnoll sergeant (D:7)
  A scorpion (D:4)
  A wyvern zombie (D:8)
  A water moccasin zombie (D:5)
  21 killer bees
  9 wights
  3 howler monkeys
  A bullfrog skeleton (D:5)
  4 centaur zombies
  A jelly (D:4)
  5 orc priests
  4 hounds
  A centaur skeleton (D:7)
  A gnoll shaman (D:6)
  Ijyb (D:3)
  3 iguanas
  Natasha (thrice) (D:3)
  2 lightning spires (Gauntlet)
  7 orc wizards
  2 killer bee zombies
  14 adders
  12 gnolls
  2 white imps
  An ufetubus (D:6)
  3 adder skeletons
  A dart slug (D:1)
  19 orcs
  6 ball pythons
  6 endoplasms
  5 giant cockroaches
  9 goblins
  11 hobgoblins
  3 jackals
  4 quokkas
  2 bats
  3 frilled lizards
  10 kobolds
  3 rats
255 creatures vanquished.

Vanquished Creatures (others)
  A human (D:7)
  8 fungi (Gauntlet)
  29 plants
38 creatures vanquished.

Grand Total: 293 creatures vanquished

Notes
Turn   | Place    | Note
-------+----------+-------------------------------------------
     0 | D:1      | VictoriousLee the Vine Stalker Transmuter began the quest
                  | for the Orb.
     0 | D:1      | Reached XP level 1. HP: 9/9 MP: 4/4
   104 | D:1      | Found a faded altar of an unknown god.
   779 | D:1      | Reached XP level 2. HP: 14/14 MP: 6/6
   785 | D:1      | Reached skill level 3 in Spellcasting
  1070 | D:1      | Found Qieck's Armour Shop.
  1211 | D:2      | Reached skill level 1 in Fighting
  1587 | D:2      | Reached XP level 3. HP: 18/18 MP: 6/8
  2350 | D:2      | Gained mutation: Your natural rate of healing is unusually
                  | fast. [Vine Stalker growth]
  2350 | D:2      | Reached XP level 4. HP: 22/23 MP: 8/10
  2821 | D:3      | Noticed Natasha
  2840 | D:3      | Killed Natasha
  2981 | D:3      | Reached skill level 4 in Spellcasting
  2981 | D:3      | Reached XP level 5. HP: 28/28 MP: 12/12
  3282 | D:3      | Noticed Natasha
  3296 | D:3      | Killed Natasha
  3377 | D:3      | Noticed a centaur
  3390 | D:3      | Killed a centaur
  3391 | D:3      | Reached XP level 6. HP: 18/33 MP: 6/13
  3513 | D:3      | Noticed Ijyb
  3528 | D:3      | Killed Ijyb
  3603 | D:3      | Noticed Natasha
  3611 | D:3      | Killed Natasha
  3619 | D:3      | Learned a level 4 spell: Ice Form
  3894 | D:4      | Reached skill level 5 in Spellcasting
  3983 | D:4      | Reached skill level 1 in Ice Magic
  3983 | D:4      | Reached XP level 7. HP: 37/37 MP: 15/15
  4923 | D:5      | Entered Level 5 of the Dungeon
  5362 | D:5      | Reached skill level 5 in Transmutations
  5362 | D:5      | Gained mutation: You have razor-sharp teeth. [Vine Stalker
                  | growth]
  5362 | D:5      | Reached XP level 8. HP: 42/42 MP: 16/16
  5575 | D:5      | Noticed Menkaure
  5581 | D:5      | Killed Menkaure
  5980 | D:6      | Reached skill level 5 in Ice Magic
  6002 | D:6      | Found a staircase to the Ecumenical Temple.
  6012 | Temple   | Entered the Ecumenical Temple
  6131 | Temple   | Became a worshipper of Ashenzari the Shackled
  6800 | D:6      | Reached XP level 9. HP: 45/45 MP: 17/17
  7435 | D:7      | Killed an unseen horror
  7534 | D:7      | Found an ancient bone altar of Kikubaaqudgha.
  7735 | D:7      | Reached * piety under Ashenzari
  7777 | D:7      | Found Ogeskut's Distillery.
  7780 | D:7      | Bought a potion of might for 56 gold pieces
  7963 | D:7      | Identified the cursed +0 pair of gloves of Apeoromancy
                  | {Alch, Cun} (You found it on level 5 of the Dungeon)
  8200 | D:7      | Reached skill level 5 in Fighting
  8238 | D:7      | Reached skill level 6 in Spellcasting
  8468 | D:8      | Reached XP level 10. HP: 51/51 MP: 20/20
  8646 | D:8      | Identified a scroll of acquirement
  8652 | D:8      | Acquired a book of Frost
  8657 | D:8      | Reached ** piety under Ashenzari
  8809 | D:8      | Learned a level 3 spell: Frozen Ramparts
  9093 | D:8      | Identified the +8 mace of Yluhofam {vamp, +Rage rF- rCorr
                  | Str+5}
  9348 | D:9      | Noticed Erolcha
  9364 | D:8      | Killed Erolcha
  9365 | D:8      | Reached skill level 7 in Spellcasting
  9542 | D:9      | Found a staircase to the Orcish Mines.
  9549 | D:9      | Noticed a two-headed ogre
  9574 | D:9      | Killed a two-headed ogre
  9659 | D:9      | Noticed Psyche
  9669 | D:9      | Killed Psyche
  9670 | D:9      | Reached skill level 8 in Spellcasting
 10476 | D:10     | Entered Level 10 of the Dungeon
 10671 | D:1      | Bought the +2 pair of gloves of Mutualism {rElec rPois
                  | Regen+ Int-2} for 313 gold pieces
 10924 | D:10     | Reached XP level 11. HP: 62/62 MP: 26/26
 11068 | D:10     | Reached skill level 9 in Spellcasting
 11231 | D:10     | Found a staircase to the Lair.
 11297 | D:10     | Identified the cursed +0 helmet of the Ensconced Gnosis
                  | {Cun, Comp} (You found it on level 10 of the Dungeon)
 11301 | D:10     | Learned a level 6 spell: Statue Form
 11330 | D:11     | Reached skill level 1 in Earth Magic
 11349 | D:11     | Noticed a two-headed ogre
 11356 | D:11     | Killed a two-headed ogre
 11394 | D:11     | Noticed a two-headed ogre
 11401 | D:11     | Noticed an orange crystal statue
 11435 | D:11     | Noticed Nergalle
 11457 | D:11     | Killed Nergalle
 11458 | D:11     | Reached skill level 5 in Earth Magic
 11487 | D:11     | Noticed a death knight
 11487 | D:11     | Noticed a phantasmal warrior
 11487 | D:11     | Noticed a manticore
 11869 | D:11     | Reached *** piety under Ashenzari
 11894 | D:11     | Reached skill level 1 in Stealth
 12448 | Lair:1   | Entered Level 1 of the Lair of Beasts
 12546 | Lair:1   | Reached skill level 1 in Maces & Flails
 12546 | Lair:1   | Reached skill level 1 in Armour
 12662 | Lair:1   | Noticed an eight-headed hydra
 12672 | Lair:1   | Killed an eight-headed hydra
 12673 | Lair:1   | Reached XP level 12. HP: 45/69 MP: 27/27
 12968 | Lair:1   | Noticed a four-headed hydra
 13004 | Lair:1   | Killed a four-headed hydra
 13047 | Lair:1   | Noticed Maggie
 13069 | Lair:1   | Killed Maggie
 13282 | Lair:2   | Found a gate leading to a gauntlet.
 13292 | Lair:2   | Upgraded the game from 0.27.0-65-ge2af304b15 to
                  | 0.27.0-66-gdc8fb28755
 13303 | Gauntlet | Entered a Gauntlet
 13303 | Gauntlet | Found a transporter.
 13303 | Gauntlet | Found a transporter.
 13303 | Gauntlet | Found a transporter.
 13306 | Gauntlet | Found a transporter.
 13306 | Gauntlet | Identified the +2 hat of the Land of Plenty {rN+}
 13307 | Gauntlet | Found a transporter.
 13307 | Gauntlet | Found a transporter.
 13318 | Gauntlet | Found a transporter.
 13318 | Gauntlet | Identified the amulet of Tixtylar {rF- Will+ Regen+ Dex+3}
 13318 | Gauntlet | Identified the +1 quarterstaff "Punkopysid" {flame, rElec
                  | rF+}
 13320 | Gauntlet | Noticed a quicksilver ooze
 13322 | Gauntlet | Found a transporter.
 13324 | Gauntlet | Noticed a dire elephant
 13332 | Gauntlet | Found a transporter.
 13332 | Gauntlet | Identified the +0 pair of boots of Foolhardiness {Harm
                  | *Slow rCorr Int+3}
 13335 | Gauntlet | Found a transporter.
 13335 | Gauntlet | Found a transporter.
 13340 | Gauntlet | Identified the amulet "Agenn" {RegenMP Regen+}
 13361 | Gauntlet | Found a transporter.
 13433 | Gauntlet | Identified the +0 cloak of Toothy Curiosity {Will- rCorr
                  | Slay+2}
 13497 | Gauntlet | Noticed an anaconda
 13504 | Gauntlet | Noticed an ice dragon
 13504 | Gauntlet | an anaconda changed into an ice dragon
 13516 | Gauntlet | an ice dragon changed into a goliath frog
 13518 | Gauntlet | Noticed a ghost moth
 13518 | Gauntlet | a goliath frog changed into a ghost moth
 13531 | Gauntlet | Noticed a boulder beetle
 13531 | Gauntlet | a ghost moth changed into a boulder beetle
 13540 | Gauntlet | Reached skill level 1 in Summonings
 13542 | Gauntlet | Killed a boulder beetle
 13758 | Gauntlet | Identified the +0 buckler of Tomorrow {rPois Will+ Str+4}
 13758 | Gauntlet | Noticed a minotaur
 13776 | Gauntlet | Hit by a javelin thrown by a minotaur

Illustrated notes

Levels and vault maps discovered:
D:1:      dpeg_arrival_water_temple_mockup, layout_basic,
          ebering_ecumenical_altar_petrified, serial_shops, nicolae_shop_stone
D:2:      layout_basic, minmay_pentomino_p2
D:3:      layout_basic, serial_curves, eino_curves_04, eino_curves_01,
          uniq_natasha, uniq_ijyb
D:4:      minmay_polygon_palace, layout_basic, chequers_ossuary_entry_cave,
          kennysheep_decorative_pillar, roderic_lattice_a
D:5:      layout_loops_corners, uniq_menkaure
D:6:      layout_layer_cave, minmay_temple_entry_slanted,
          kennysheep_generic_room_12
D:7:      layout_basic, tgw_kikubaaqudgha, serial_shops, kennysheep_mini
D:8:      layout_gridville
D:9:      layout_irregular_city, orc_0_dummy, uniq_psyche, uniq_erolcha
D:10:     layout_basic, lair_entry_dummy, minivault_24, nicolae_two_hexagons,
          minmay_crystal_room, nicolae_straight_to_the_point
D:11:     layout_roguey, minivault_15, uniq_nergalle
Temple:   dpeg_three_leaves_temple
Lair:1:   layout_hall_layers, st_stairs_11, serial_bayou_shore_b, uniq_maggie
Lair:2:   cheibrodos_lair_overgrown_chateau, layout_gridlike,
          gauntlet_entry_generic
Gauntlet: gammafunk_gauntlet_hard_choice [gammafunk_gauntlet_arena_arrow_garden,
          nicolae_gauntlet_arena_grate_2, nicolae_gauntlet_arena_x,
          nicolae_gauntlet_arena_flowing_pool, gammafunk_gauntlet_arena_grid,
          gammafunk_gauntlet_arena_hedges, gauntlet_exit_green]

Skill      XL: |  1  2  3  4  5  6  7  8  9 10 11 12 |
---------------+-------------------------------------+-----
Spellcasting   | 3 4 5 6 8 9 |  9.0
Fighting       | 1 2 3 4 5 7 8 |  8.8
Transmutations | 3 5 7 |  7.8
Ice Magic      | 1 3 6 8 |  8.0
Earth Magic    | 7 8 |  8.2
Stealth        | 1 |  1.1
Maces & Flails | 2 4 |  4.6
Armour         | 2 3 |  3.2
Summonings     | 4 |  4.2
Dodging        | |  1.5
Unarmed Combat | |  3.0

Action                   |  1- 3 |  4- 6 |  7- 9 | 10-12 || total
-------------------------+-------+-------+-------+-------++-------
Melee: Dagger            |    58 |    91 |    53 |       ||   202
       Bite              |    12 |    16 |    92 |   145 ||   265
       Unarmed           |     2 |       |    17 |       ||    19
       Punch             |     1 |     1 |       |     9 ||    11
       Kick              |     9 |    25 |    73 |    67 ||   174
       Headbutt          |     3 |    16 |    44 |    43 ||   106
       Flail             |       |       |   293 |    41 ||   334
       Short sword       |       |       |       |   291 ||   291
       Mace              |       |       |       |    75 ||    75
 Cast: Beastly Appendage |    16 |    23 |    49 |    26 ||   114
       Ice Form          |       |       |     2 |       ||     2
       Frozen Ramparts   |       |       |       |    43 ||    43
Invok: Curse Item        |       |       |     2 |     5 ||     7
       Shatter the Chain |       |       |       |     2 ||     2
 Abil: Evoke Berserk Rag |       |       |       |     1 ||     1
Evoke: Wand              |       |       |     9 |    18 ||    27
       Phial of floods   |       |       |       |     1 ||     1
  Use: Scroll            |       |       |     5 |     2 ||     7
       Potion            |       |       |     3 |     2 ||     5
 Stab: Sleeping          |     1 |       |       |       ||     1
Armor: Leather armour    |    10 |       |       |       ||    10
       Ring mail         |       |    21 |   202 |   165 ||   388
       Skin              |       |       |    27 |       ||    27
Dodge: Dodged            |    29 |    40 |   208 |   201 ||   478
Block: Other             |       |       |   111 |    80 ||   191
       Reflection        |       |       |     4 |     2 ||     6
